 Dungeon Crawl Stone Soup version 0.28-a0-687-gb91baff9cc (webtiles) character file.

Game seed: 1493100710655206157

53 DarkMailMan the Ruffian (level 3, 0/28 HPs)
             Began as a Draconian Transmuter on Oct 19, 2021.
             Succumbed to Sigmund's poison
             ... on level 2 of the Dungeon.
             The game lasted 00:02:20 (1998 turns).

DarkMailMan the Ruffian (Draconian Transmuter)      Turns: 1998, Time: 00:02:21

Health: 0/28       AC:  5    Str: 12    XL:     3   Next: 62%
Magic:  6/7        EV: 12    Int: 14    God:
Gold:   55         SH:  0    Dex: 11    Spells: 6/7 levels left

rFire   . . .      SeeInvis .     - Unarmed
rCold   . . .      Faith    .   (no shield)
rNeg    . . .      Spirit   .   (armour unavailable)
rPois   .          Reflect  .   (helmet currently unavailable)
rElec   .          Harm     .   (no cloak)
rCorr   .          Rampage  .   (no gloves)
Will    .....                   (boots currently unavailable)
Stlth   +.........              (no amulet)
HPRegen 0.09/turn               (no ring)
MPRegen 0.10/turn               (no ring)

@: lethally poisoned (0 -> -8), appendages
A: horns 2, talons 2, AC +5, unfitting armour, cold-blooded
a: End Transformation


You were on level 2 of the Dungeon.
You had temporarily grown beastly horns and talons.
You visited 1 branch of the dungeon, and saw 2 of its levels.

You collected 55 gold pieces.

Inventory:

Scrolls
 a - 3 scrolls of teleportation {unknown}
 b - 3 scrolls of identify {unknown}
Potions
 c - a potion of degeneration {unknown}


   Skills:
 + Level 1.1 Fighting
 + Level 2.0 Dodging
 + Level 0.4 Stealth
 + Level 3.6 Unarmed Combat
 + Level 2.7 Spellcasting
 + Level 2.3 Transmutations


You had 6 spell levels left.
You knew the following spells:

 Your Spells              Type           Power      Damage    Failure   Level
a - Beastly Appendage     Tmut           16%        N/A       9%          1

Your spell library contained the following spells:

 Spells                   Type           Power      Damage    Failure   Level
 Wereblood                Tmut           8%         N/A       13%         2
 Spider Form              Tmut/Pois      2%         N/A       38%         3
 Ice Form                 Ice/Tmut       5%         N/A       80%         4
 Summon Ice Beast         Ice/Summ       1%         N/A       91%         4
 Summon Forest            Summ/Tloc      0%         N/A       99%         5
 Summon Horrible Things   Summ           0%         N/A       100%        8


Dungeon Overview and Level Annotations

Branches:
Dungeon (2/15)

Altars:

Shops:
D:1 =

Annotations:
D:2 Sigmund


Innate Abilities, Weirdness & Mutations

You have temporarily grown beastly horns and talons.
Your plain brown scales are hard. (AC +5)
You cannot fit into any form of body armour.
You are cold-blooded and may be slowed by cold attacks.


Message History

No target in view!
No target in view!
No target in view!
There is a strange disturbance nearby!
There is a strange disturbance nearby!
A magic dart appears from out of thin air!
The magic dart hits you.
Your horns disappear.
Your talons disappear.
There is a stone staircase leading up here.
Something tries to affect you, but you resist.
You climb upwards.
Reactivating autopickup.
There is a stone staircase leading down here.
You start resting.
HP restored.
You start waiting.
Done waiting.
You climb downwards.
Level annotation: Sigmund
There is a stone staircase leading up here.
Casting: Beastly Appendage (safe; 9% risk of failure)
Confirm with . or Enter, or press ? or * to list all spells.
You grow a pair of large bovine horns.
Your feet morph into talons.
Sigmund points at you and mumbles some strange words.
You resist with significant effort.
Sigmund hits you with a +1 scythe of venom!
You are lethally poisoned!
You barely miss Sigmund.
You feel very sick. Sigmund misses you.
You hit Sigmund but do no damage.
* * * LOW HITPOINT WARNING * * *
You feel very sick.
* * * LOW HITPOINT WARNING * * *
You feel very sick. Sigmund hits you but does no damage.
* * * LOW HITPOINT WARNING * * *
You feel sick.
There is a stone staircase leading up here.
You die...

#.# #.# #.#### #.#
#....# #.# #.##.# #.#
#.##.# #.# #.##.###.#
######........#
#.............#
#.#####...###@# ##...#
#.# ###....###@# .
..##......##..#####...
......................
..##.....#..P♣..#.#...
#...........P...#.#
####.######....##.# #.
##..###.#


You could see Sigmund.

Vanquished Creatures
  A gnoll (D:1)
  2 dart slugs (D:1)
  4 bats (D:1)
  5 endoplasms
  6 goblins
  2 hobgoblins (D:1)
  6 jackals (D:1)
  3 quokkas
  A ball python (D:2)
  A frilled lizard (D:1)
  2 rats (D:1)
33 creatures vanquished.

Notes
Turn   | Place    | Note
-------+----------+-------------------------------------------
     0 | D:1      | DarkMailMan the Draconian Transmuter began the quest for
                  | the Orb.
     0 | D:1      | Reached XP level 1. HP: 16/16 MP: 3/3
   134 | D:1      | Found Pimpist's Jewellery Shop.
   363 | D:1      | Reached XP level 2. HP: 17/23 MP: 3/5
   749 | D:1      | Reached XP level 3. HP: 28/28 MP: 4/6
  1057 | D:1      | Got the Incunabulum of Supportive Transmigration
  1808 | D:2      | Noticed Sigmund
  1998 | D:2      | Succumbed to Sigmund's poison

Illustrated notes

Levels and vault maps discovered:
D:1:      eino_arrival_tree_alley, layout_basic, serial_shops, shop,
          minmay_misc_feat_columns, minmay_pentomino_w2
D:2:      layout_loops_corners, serial_park_tiny_1, uniq_sigmund

Skill      XL: |  1  2  3 |
---------------+----------+-----
Dodging        | 2 |  2.0
Fighting       | |  1.1
Stealth        | |  0.4
Unarmed Combat | |  3.6
Spellcasting   | |  2.7
Transmutations | |  2.3

Action                   || total
-------------------------++-------
Melee: Unarmed           ||    94
       Kick              ||    16
       Headbutt          ||     7
       Tailslap          ||    12
 Cast: Beastly Appendage ||    25
 Stab: Sleeping          ||     2
Armor: Skin              ||    33
Dodge: Dodged            ||    68

Table legend: (Time is in decaauts)
 A = Elapsed time spent in this place.
 B = Non-inter-level travel time spent in this place.
 C = Inter-level travel time spent in this place.
 D = Time resting spent in this place.
 E = Time spent auto-exploring this place.
 F = Levels seen in this place.
 G = Mean time per level.
                   A        B        C        D        E       F      G
               +--------+--------+--------+--------+--------+-----+--------+
         Total |   1996 |   1972 |     24 |    403 |   1292 |   2 |  998.0 |
       Dungeon |   1996 |   1972 |     24 |    403 |   1292 |   2 |  998.0 |
               +--------+--------+--------+--------+--------+-----+--------+

Top non-repeatable levels by time:
     D:1: 1657 daAuts
     D:2: 338 daAuts
